 Dungeon Crawl Stone Soup version 0.27-a0-1006-g1fd4cec11e (webtiles) character file.

Game seed: 3433651666217737015

201 funkygono the Firebug (level 5, -6/28 HPs)
             Began as a Gargoyle Fire Elementalist on Apr 17, 2021.
             Mangled by a gnoll
             ... wielding a +0 halberd
              (10 damage)
             ... on level 3 of the Dungeon.
             The game lasted 00:06:42 (3611 turns).

funkygono the Firebug (Gargoyle Fire Elementalist)  Turns: 3611, Time: 00:06:42

Health: -6/28      AC:  7    Str: 11    XL:     5   Next: 79%
Magic:  8/9        EV: 12    Int: 17    God:
Gold:   122        SH:  0    Dex: 10    Spells: 2/10 levels left

rFire    . . .     SeeInvis .   o - +0 mace
rCold    . . .     Faith    .   (no shield)
rNeg     + . .     Spirit   .   a - +0 robe
rPois    ∞         Reflect  .   i - +0 helmet
rElec    +         Harm     .   (no cloak)
rCorr    .         Rampage  .   (no gloves)
Will     .....                  (no boots)
Stlth    ++........             (no amulet)
HPRegen  0.09/turn              (no ring)
MPRegen  0.11/turn              (no ring)

@: no status effects
A: AC +4, negative energy resistance 1, electricity resistance, torment
resistance 1, unbreathing 1, petrification resistance
a: no special abilities


You were on level 3 of the Dungeon.
You visited 1 branch of the dungeon, and saw 3 of its levels.

You collected 122 gold pieces.

Inventory:

Hand Weapons
 e - a +0 club
 j - a +0 whip
 o - a +0 mace (weapon)
Missiles
 p - 29 stones
Armour
 a - a +0 robe (worn)
 i - a +0 helmet (worn)
Wands
 k - a wand of charming (8)
Scrolls
 f - 2 scrolls of amnesia
 l - 2 scrolls of torment
 m - 3 scrolls of enchant armour {unknown}
 n - a scroll of acquirement {unknown}
Potions
 b - a potion of mutation
 c - 2 potions of curing {unknown}
 d - 2 potions of haste
 g - a potion of cancellation {unknown}
 h - a potion of heal wounds {unknown}


   Skills:
 + Level 0.2 Fighting
 + Level 1.0 Maces & Flails
 + Level 1.6 Dodging
 - Level 2.1 Stealth
 * Level 3.0 Spellcasting
 * Level 2.7 Conjurations
 * Level 4.9 Fire Magic


You had 2 spell levels left.
You knew the following spells:

 Your Spells              Type           Power      Damage    Failure   Level
a - Foxfire               Conj/Fire      60%        2x1d7     3%          1
b - Conjure Flame         Conj/Fire      15%        6-21      11%         3
c - Sticky Flame          Conj/Fire      15%        2d4       34%         4

Your spell library contained the following spells:

 Spells                   Type           Power      Damage    Failure   Level
 Inner Flame              Hex/Fire       10%        N/A       19%         3
 Fireball                 Conj/Fire      7%         3d5       69%         5


Dungeon Overview and Level Annotations

Branches:
Dungeon (3/15)

Altars:


Innate Abilities, Weirdness & Mutations

Your stone body is resilient. (AC +4)
You are immune to poison.
You resist negative energy. (rN+)
You are resistant to electric shocks. (rElec)
You are resistant to unholy torment.
You can survive without breathing.
You are immune to petrification.


Message History

Confirm with . or Enter, or press ? or * to list all spells.
You conjure some foxfire!
The gnoll misses you.
You hit the gnoll.
The gnoll is moderately wounded.
The foxfire hits the gnoll!
The gnoll is severely wounded.
The foxfire hits the gnoll.
You kill the gnoll!
Your Spellcasting skill increases to level 3!
Items here: )) [ †.
Okay, then.
You start resting.
Magic restored.
There is a stone staircase leading down here.
You climb downwards.
The gnoll closely misses you. The gnoll misses you.
There is a stone staircase leading up here.
The gnoll misses you.
You hit the gnoll.
The gnoll is severely wounded.
The gnoll barely misses you.
You hit the gnoll but do no damage.
The gnoll is severely wounded.
The gnoll hits you with a +0 halberd!
You hit the gnoll but do no damage.
The gnoll is severely wounded.
The gnoll barely misses you. The gnoll closely misses you.
You barely miss the gnoll.
The gnoll is severely wounded.
The gnoll barely misses you.
You hit the gnoll.
The gnoll is almost dead.
The gnoll hits you with a +0 halberd!
You barely miss the gnoll.
The gnoll is almost dead.
The gnoll hits you with a +0 halberd. The gnoll hits you with a +0 halberd!
* * * LOW HITPOINT WARNING * * *
Casting: Foxfire (safe; 3% risk of failure)
Confirm with . or Enter, or press ? or * to list all spells.
You conjure some foxfire!
The gnoll hits you with a +0 halberd!
You die...

######## #### .o .......#
#.. .. ######.## #.# .o
##...########### ##.#######
#..#...........####.........
####....#########..[......#
..##.#.## #..###...##
#.##.#.# ########g.# ##).#
#....#.###.....<@v.# ##.#
#.###...##.##.###v## #.#
.......>...##.#...# #.#
.####...#..<...^..# #.#
#.####.###.##.....# #.#
##.........####.#.# #.#
#.####.##### #.#.# #.# #####
.#####.# #.#.# #.#


#oo.o .......# #.#.# #.# #.### You could see a gnoll (ally target).

Vanquished Creatures
  An orc wizard (D:3)
  2 hound zombies (D:3)
  Robin (D:2)
  4 adders (D:2)
  2 gnolls
  A worm (D:2)
  A dart slug (D:1)
  7 orcs
  2 bats
  6 endoplasms
  A giant cockroach (D:1)
  7 hobgoblins
  4 jackals (D:2)
  2 quokkas (D:1)
  5 ball pythons
  5 frilled lizards
  8 goblins
  3 kobolds (D:2)
  A quokka zombie (D:3)
  5 rats
68 creatures vanquished.

Vanquished Creatures (others)
  204 foxfires
  4 withered plants (D:3)
208 creatures vanquished.

Grand Total: 276 creatures vanquished

Notes
Turn   | Place    | Note
-------+----------+-------------------------------------------
     0 | D:1      | funkygono the Gargoyle Fire Elementalist began the quest
                  | for the Orb.
     0 | D:1      | Reached XP level 1. HP: 10/10 MP: 3/3
   154 | D:1      | Reached XP level 2. HP: 15/15 MP: 3/5
   820 | D:2      | Reached XP level 3. HP: 19/19 MP: 2/6
   900 | D:2      | Reached skill level 4 in Fire Magic
  1033 | D:2      | Reached XP level 4. HP: 24/24 MP: 5/7
  1037 | D:2      | Learned a level 3 spell: Conjure Flame
  1041 | D:2      | Noticed Robin
  1080 | D:2      | Killed Robin
  1081 | D:2      | HP: 1/24 [hobgoblin[Robin] (6)]
  1643 | D:2      | Found a faded altar of an unknown god.
  2209 | D:2      | Learned a level 4 spell: Sticky Flame
  2746 | D:3      | Reached XP level 5. HP: 13/28 MP: 7/9
  3002 | D:3      | Reached skill level 1 in Maces & Flails
  3164 | D:3      | HP: 1/28 [gnoll/+0 halberd (6)]
  3611 | D:3      | Mangled by a gnoll

Illustrated notes

Levels and vault maps discovered:
D:1:      scummos_arrival_simple_fountains, layout_rooms,
          minmay_misc_feat_pillars
D:2:      layout_basic, hellmonk_ecumenical_altar_lost_god,
          serial_park_tiny_pond, uniq_robin
D:3:      layout_loops_ring, serial_undead, serial_undead_f, serial_undead_d,
          serial_undead_e, serial_undead_f

Skill      XL: |  1  2  3  4  5 |
---------------+----------------+-----
Fire Magic     | 4 |  4.9
Conjurations   | 2 |  2.7
Maces & Flails | 1 |  1.0
Spellcasting   | 3 |  3.0
Fighting       | |  0.2
Dodging        | |  1.6
Stealth        | |  2.1

Action                   |  1- 3 |  4- 6 || total
-------------------------+-------+-------++-------
Melee: Club              |    17 |    14 ||    31
       Whip              |       |    27 ||    27
       Mace              |       |    28 ||    28
 Cast: Foxfire           |    45 |    74 ||   119
  Use: Scroll            |     1 |     3 ||     4
Armor: Robe              |     7 |    34 ||    41
Dodge: Dodged            |    16 |    40 ||    56

Table legend: (Time is in decaauts)
 A = Elapsed time spent in this place.
 B = Non-inter-level travel time spent in this place.
 C = Inter-level travel time spent in this place.
 D = Time resting spent in this place.
 E = Time spent auto-exploring this place.
 F = Levels seen in this place.
 G = Mean time per level.
                   A        B        C        D        E       F      G
               +--------+--------+--------+--------+--------+-----+--------+
         Total |   3639 |   3565 |     74 |    615 |   2334 |   3 | 1213.0 |
       Dungeon |   3639 |   3565 |     74 |    615 |   2334 |   3 | 1213.0 |
               +--------+--------+--------+--------+--------+-----+--------+

Top non-repeatable levels by time:
     D:2: 1976 daAuts
     D:3: 940 daAuts
     D:1: 722 daAuts
